 Dungeon Crawl Stone Soup version 0.25-a0-597-gb30770a (webtiles) character file.

Game seed: 10615115169815637631, levelgen mode: deterministic

49 Faels the Twirler (level 3, -10/27 HPs)
             Began as a Demonspawn Gladiator on Mar 14, 2020.
             Mangled by Sigmund
             ... wielding a +4 scythe
              (11 damage)
             ... on level 2 of the Dungeon.
             The game lasted 00:02:38 (1387 turns).

Faels the Twirler (Demonspawn Gladiator)            Turns: 1387, Time: 00:02:38

Health: -10/27     AC:  6    Str: 14 (15) XL:     3   Next: 51%
Magic:  3/3        EV: 13    Int:  6 (9)  God:
Gold:   205        SH:  0    Dex: 13 (14) Spells: 2/2 levels left

rFire    . . .     SeeInvis .   a - +0 quarterstaff
rCold    . . .     Gourm    .   (shield currently unavailable)
rNeg     . . .     Faith    .   b - +0 leather armour
rPois    .         Spirit   .   c - +0 helmet
rElec    .         Reflect  .   (no cloak)
rCorr    .         Harm     .   (no gloves)
MR       .....                  (no boots)
Stlth    ++........             (no amulet)
HPRegen  0.09/turn              e - ring of stealth (curse)
MPRegen  0.08/turn              (no ring)

@: hasted, very quick
A: molten scales 1, rot immunity
a: no special abilities


You were on level 2 of the Dungeon.
You were hungry.

You visited 1 branch of the dungeon, and saw 2 of its levels.

You collected 205 gold pieces.

Inventory:

Hand Weapons
 a - a +0 quarterstaff (weapon)
Armour
 b - a +0 leather armour (worn)
 c - a +0 helmet (worn)
Jewellery
 e - a cursed ring of stealth (left hand)
Scrolls
 i - a scroll of remove curse {unknown}
 k - a scroll of fog {unknown}
 l - a scroll of identify {unknown}
 m - a scroll of enchant weapon {unknown}
 n - a scroll of fear {unknown}
Potions
 j - a potion of might {unknown}
 o - a potion of curing {unknown}
 p - a potion of flight {unknown}
 r - 2 potions of lignification {unknown}
 s - a potion of mutation {unknown}
Comestibles
 f - 5 rations
 q - 4 chunks of flesh


   Skills:
 - Level 2.0 Fighting
 * Level 3.7 Staves
 - Level 1.7 Throwing
 + Level 3.2 Dodging


You had 2 spell levels left.
You didn't know any spells.
Your spell library was empty.

Dungeon Overview and Level Annotations

Branches:
Dungeon (2/15)

Altars:

Annotations:
D:2 Sigmund


Innate Abilities, Weirdness & Mutations

You are partially covered in molten scales. (AC +2)
You are immune to rotting.


Message History

You throw a throwing net. The throwing net barely misses Sigmund.
Sigmund hits you from afar with a +4 scythe!
Things that are here:
a +0 dagger; a stone; a kobold corpse You barely miss Sigmund.
Sigmund says, "You will soon forget everything."
Sigmund hits you with a +4 scythe!
Ouch! That really hurt!
* * * LOW HITPOINT WARNING * * *
You barely miss Sigmund. Sigmund closely misses you.
You hit Sigmund.
Sigmund is lightly wounded.
Sigmund closely misses you.
It was a potion of degeneration.
There was something very wrong with that liquid.
You feel weakened.
You feel dopey.
You feel clumsy.
It was a potion of haste.
You feel yourself speed up.
You are feeling hungry.
Sigmund hits you with a +4 scythe!
You die...

#.#
#.##..)##........
#.#
#.###.###.#......
#.# #.# #.#
#.#######
######.#######.#
#.# #.#
#.......÷......#
#.# #.#
#.########.#####
#÷# #.# #######..#
#.# #.#
#.......########.#
#..
.#.#.#.#(.@@(....#
##.
..........#######
#.#.#.#.#..#
............#
.#.#.#.#.#..#
..)........#
#.#.#.#.#.# .... .
## #.#


You could see Sigmund.

Vanquished Creatures
  2 adders (D:2)
  2 oozes
  A worm (D:2)
  3 bats (D:1)
  A giant cockroach (D:1)
  3 goblins
  A hobgoblin (D:1)
  5 kobolds
  3 frilled lizards (D:2)
  2 rats
23 creatures vanquished.

Notes
Turn   | Place    | Note
-------+----------+-------------------------------------------
     0 | D:1      | Faels the Demonspawn Gladiator began the quest for the Orb.
     0 | D:1      | Reached XP level 1. HP: 16/16 MP: 1/1
    94 | D:1      | Gained mutation: You are immune to rotting. [demonic
                  | ancestry]
    94 | D:1      | Reached XP level 2. HP: 6/22 MP: 2/2
  1146 | D:2      | Gained mutation: You are partially covered in molten
                  | scales. (AC +2) [demonic ancestry]
  1146 | D:2      | Reached XP level 3. HP: 23/27 MP: 3/3
  1373 | D:2      | Noticed Sigmund
  1383 | D:2      | HP: 1/27 [Sigmund/+4 scythe (16)]
  1387 | D:2      | Mangled by Sigmund

Levels and vault maps discovered:
D:1:      minmay_arrival_up_and_down, layout_rooms, minmay_split_cup_large
D:2:      layout_loops_ring, kennysheep_slug_shrine, hex_medium, uniq_sigmund

Skill      XL: |  1  2 |
---------------+-------+-----
Staves         | 3 |  3.7
Dodging        | 3 |  3.2
Fighting       | |  2.0
Throwing       | |  1.7

Action                   || total
-------------------------++-------
Melee: Quarterstaff      ||    70
Throw: Throwing net      ||     3
  Use: Potion            ||     2
 Stab: Sleeping          ||     5
  Eat: Chunk             ||     1
Armor: Leather armour    ||    24
Dodge: Dodged            ||    53

Table legend:
 A = Non-vault XP
 B = Vault XP
 C = Vault XP percentage of total XP
 D = Non-vault monster count
 E = Vault monster count
 F = Vault count percentage of total count
                 A         B        C        D         E       F
            +---------+---------+-------+---------+---------+-------
      Total |      58 |      12 |  17.1 |      18 |       5 |  21.7
            +---------+---------+-------+---------+---------+-------
        D:1 |      11 |      12 |  52.2 |       6 |       5 |  45.5
        D:2 |      47 |       0 |   0.0 |      12 |       0 |   0.0
            +---------+---------+-------+---------+---------+-------
